 Dungeon Crawl Stone Soup version 0.30-a0-946-gec5dcfc036 (webtiles) character file.

Game seed: 8328177356363898817

1845 mopl the Basher (level 9, -8/111 (112) HPs)
             Began as a Meteoran Berserker on Mar 26, 2023.
             Was an Elder of Trog.
             Mangled by a cyclops (11 damage)
             ... on level 7 of the Dungeon.
             The game lasted 00:10:37 (2144 turns).

mopl the Basher (Meteoran Berserker)                Turns: 2144, Time: 00:10:37

HP:   -8/111 (112)  AC: 13    Str: 23    XL:     9   Next: 59%
MP:   10/10         EV:  8    Int: 10    God:    Trog [****..]
Gold: 276           SH:  0    Dex: 13    Spells: 8/8 levels left

rFire   . . .      SeeInvis .    a - +5 mace of Slimy Purpose {speed, rC+}
rCold   + . .      Faith    .    (no shield)
rNeg    . . .      Spirit   .    E - +0 plate armour
rPois   .          Reflect  .    (no helmet)
rElec   .          Rampage  .    (no cloak)
rCorr   .                        (no gloves)
Will    +....                    p - +0 pair of boots Stlth
                                 (no amulet)
HPRegen 0.38/turn                (no ring)
MPRegen 0.12/turn                (no ring)

@: berserking (expiring), lethally poisoned (-8 -> -9), glowing, lightly
drained, very quick
A: sense surroundings 2, otherworldly, glowing, explore regen
a: Renounce Religion, Berserk, Trog's Hand, Brothers in Arms


You were on level 7 of the Dungeon.
You worshipped Trog.
Trog was greatly pleased with you.
You visited 1 branch of the dungeon, and saw 7 of its levels.

You collected 276 gold pieces.

Inventory:

Hand Weapons
 a - the +5 mace of Slimy Purpose (weapon) {speed, rC+}
   (You took it off an orc on level 3 of the Dungeon)

   rC:        It protects you from cold.
 g - a +0 flail
 k - a +1 dagger of venom
Missiles
 n - 2 atropa-tipped darts (quivered)
 t - 4 javelins
 u - a throwing net
 v - 4 poisoned darts
 x - 3 curare-tipped darts
 z - a silver boomerang
Armour
 p - a +0 pair of boots (worn)
 y - +0 fire dragon scales
 E - a +0 plate armour (worn)
Wands
 m - a wand of iceblast (21)
 B - a wand of flame (15)
 G - a wand of light (7)
Scrolls
 c - 3 scrolls of teleportation {unknown}
 d - a scroll of summoning {unknown}
 e - a scroll of vulnerability {unknown}
 o - 5 scrolls of identify {unknown}
 w - a scroll of silence {unknown}
 A - a scroll of blinking {unknown}
 D - a scroll of torment {unknown}
 H - a scroll of fear {unknown}
 I - a scroll of brand weapon {unknown}
 J - 3 scrolls of enchant armour {unknown}
Potions
 b - 5 potions of brilliance {unknown}
 f - a potion of attraction {unknown}
 h - a potion of flight {unknown}
 i - 2 potions of heal wounds {unknown}
 j - 3 potions of curing {unknown}
 l - a potion of haste {unknown}
 q - a potion of invisibility {unknown}
 r - a potion of mutation {unknown}
 s - a potion of resistance {unknown}
 C - a potion of lignification {unknown}
 F - a potion of might {unknown}


   Skills:
 + Level 5.8 Fighting
 * Level 9.2 Maces & Flails
 + Level 4.6 Throwing
 + Level 5.8 Armour
 + Level 5.7 Dodging
 + Level 4.6 Evocations


You had 8 spell levels left.
You didn't know any spells.
Your spell library was empty.

Dungeon Overview and Level Annotations

Branches:
Dungeon (7/15) Zot: 2066   Temple (0/1) D:5

Altars:
Cheibriados
Qazlal
Sif Muna
Vehumet

Shops:
D:2 (


Innate Abilities, Weirdness & Mutations

You passively map the area around you.
You are easily found by Zot.
You glow in the dark.
You regain HP and MP as you explore.


Message History

The scorpion poisons you!
You feel very sick.
You feel very sick. The scorpion attacks as you move away!
The scorpion stings you but does no damage.
You feel very sick.
You feel sick.
A red film seems to cover your vision as you go berserk!
You feel yourself moving faster!
You feel mighty!
You feel sick. The scorpion stings you. x2
You bludgeon the scorpion!!
You kill the scorpion!
Trog accepts your kill.
You feel sick.
You hit the wight but do no damage. The wight hits you with a +0 hand axe.
You feel drained.
You thump the wight!
The wight is severely damaged.
You feel sick.
You thump the wight!
You destroy the wight!
Trog accepts your kill.
Your life force feels restored.
You feel sick.
You hit the cyclops.
The cyclops is lightly wounded.
You feel sick.
The wight hits you from afar with a +3 halberd of freezing.
* * * LOW HITPOINT WARNING * * *
You feel drained. The cyclops hits you!!
* * * LOW HITPOINT WARNING * * *
You sock the cyclops!
The cyclops is moderately wounded.
You hit the cyclops.
The cyclops is moderately wounded.
You feel sick. The wight hits you but does no damage.
You hit the cyclops.
The cyclops is heavily wounded.
The cyclops hits you!
You die...

#..........###.....
,, #.........##
...,, ,
#....###..## *, .
#....###...####..,
,,,
*#....#...z...... ,
#.......#.......
##..z.######.... ,,
#..C## * ,.#. #.)@#
.#.. , #...# ..# .
, #*###...#####..#.
#.#...(..........
**,
#...###..........#
#.#.........##....
* ,
#*##......####...#
##. ##.....##
#..###...*
##.....###..#....#
*


You could see a cyclops and a wight.

Vanquished Creatures
  A steam dragon (D:6)
  2 black bears
  A phantom (D:4)
  The ghost of bmj180 the Digger, an amateur GrEE (D:3)
  A bullfrog (D:4)
  7 scorpions
  5 wights
  2 jellies (D:6)
  2 howler monkeys (D:6)
  A bullfrog zombie (D:5)
  2 hounds (D:4)
  2 sleepcaps
  5 iguanas
  An orc wizard (D:6)
  2 howler monkey zombies (D:5)
  8 gnolls
  2 adders
  A white imp (D:6)
  A dart slug (D:3)
  15 orcs
  4 endoplasms
  3 giant cockroaches
  5 goblins
  5 hobgoblins
  11 jackals
  2 quokkas (D:2)
  8 ball pythons
  4 bats
  7 frilled lizards
  6 kobolds
  4 rats
121 creatures vanquished.

Notes
Turn   | Place    | Note
-------+----------+-------------------------------------------
     0 | D:1      | mopl the Meteoran Berserker began the quest for the Orb.
     0 | D:1      | Reached XP level 1. HP: 19/19 MP: 2/2
    68 | D:1      | Reached XP level 2. HP: 20/26 MP: 3/3
   214 | D:1      | Reached XP level 3. HP: 31/31 MP: 4/4
   399 | D:2      | Reached ** piety under Trog
   400 | D:2      | Reached skill level 3 in Armour
   406 | D:2      | Reached skill level 3 in Dodging
   430 | D:2      | Reached XP level 4. HP: 37/40 MP: 5/5
   449 | D:2      | Found Aludi's Weapon Boutique.
   506 | D:3      | Reached skill level 5 in Maces & Flails
   594 | D:3      | Found a radiant altar of Vehumet.
   602 | D:3      | Found a runed translucent gate.
   602 | D:3      | Found a runed translucent gate.
   602 | D:3      | Found a runed translucent gate.
   605 | D:3      | Noticed bmj180's ghost (amateur GrEE)
   607 | D:3      | Identified the +5 mace of Slimy Purpose {speed, rC+}
   607 | D:3      | Identified the +2 leather armour of the Antique Cuttlefish
                  | {Contam rF+ rC- Int+5}
   734 | D:3      | Killed bmj180's ghost
   735 | D:3      | Reached skill level 1 in Throwing
   735 | D:3      | Reached skill level 1 in Evocations
   735 | D:3      | Reached XP level 5. HP: 46/46 MP: 6/6
   817 | D:3      | Reached skill level 4 in Fighting
   920 | D:3      | Found a shimmering blue altar of Sif Muna.
   950 | D:4      | Noticed a black bear
   956 | D:4      | Killed a black bear
   957 | D:4      | Reached skill level 6 in Maces & Flails
   957 | D:4      | Reached XP level 6. HP: 52/52 MP: 7/7
  1006 | D:4      | Reached XP level 7. HP: 29/59 MP: 8/8
  1039 | D:4      | Reached skill level 2 in Throwing
  1039 | D:4      | Reached skill level 4 in Armour
  1039 | D:4      | Reached skill level 2 in Evocations
  1056 | D:4      | Reached skill level 4 in Dodging
  1129 | D:4      | Reached *** piety under Trog
  1199 | D:4      | Reached skill level 7 in Maces & Flails
  1199 | D:4      | Reached XP level 8. HP: 66/67 MP: 9/9
  1235 | D:5      | Entered Level 5 of the Dungeon
  1266 | D:5      | Found a stormy altar of Qazlal.
  1316 | D:5      | Found a staircase to the Ecumenical Temple.
  1355 | D:5      | Reached skill level 3 in Throwing
  1452 | D:5      | Reached skill level 3 in Evocations
  1521 | D:6      | Reached skill level 5 in Fighting
  1540 | D:6      | Reached skill level 5 in Armour
  1546 | D:6      | Noticed a steam dragon
  1549 | D:6      | Reached skill level 8 in Maces & Flails
  1572 | D:6      | Reached skill level 5 in Dodging
  1651 | D:6      | Killed a steam dragon
  1652 | D:6      | Gained mutation: You passively map the area around you.
                  | [Meteoran growth]
  1652 | D:6      | Reached XP level 9. HP: 31/74 MP: 10/10
  1667 | D:6      | Reached skill level 4 in Throwing
  1667 | D:6      | Reached skill level 4 in Evocations
  1847 | D:6      | Reached **** piety under Trog
  1962 | D:7      | Reached skill level 9 in Maces & Flails
  2033 | D:6      | Found a snail-covered altar of Cheibriados.
  2113 | D:7      | Noticed a cyclops
  2141 | D:7      | HP: 3/111 [cyclops (26)]
  2144 | D:7      | Mangled by a cyclops

Illustrated notes

Levels and vault maps discovered:
D:1:      minmay_arrival_solitary_statue, layout_loops_ring
D:2:      layout_basic, serial_shops, shop, serial_curves, eino_curves_04,
          eino_curves_02, eino_curves_02
D:3:      layout_basic, mainiacjoe_overflow_small_starburst,
          nicolae_sif_muna_condensation, biasface_ghost_orc_armoury
D:4:      layout_layer_cave, hangedman_decor_growths, uniq_ijyb
D:5:      layout_loops_cross, nicolae_yredelemnul_corpse_copse,
          nicolae_qazlal_scattered_showers, minmay_temple_entry_drinking_statues
D:6:      hellmonk_crumbling_castle, layout_basic, minitemple,
          mainiacjoe_overflow_six_doors_small, minmay_fractal_squares_5
D:7:      layout_layer_cave, nicolae_dithmenos_the_darkroom, tso_oasis_becter,
          grunt_ministairs_2

Skill      XL: |  1  2  3  4  5  6  7  8  9 |
---------------+----------------------------+-----
Armour         | 3 4 5 |  5.8
Dodging        | 3 4 5 |  5.7
Maces & Flails | 5 6 7 8 9 |  9.2
Throwing       | 1 2 3 4 |  4.6
Evocations     | 1 2 3 4 |  4.6
Fighting       | 4 5 |  5.8

Action                     |  1- 3 |  4- 6 |  7- 9 || total
---------------------------+-------+-------+-------++-------
  Melee: Mace              |    39 |    50 |   211 ||   300
         Punch             |     2 |     1 |     4 ||     7
         Flail             |    40 |    34 |       ||    74
 Invoke: Berserk           |     2 |     3 |     3 ||     8
 Armour: Animal skin       |     7 |       |       ||     7
         Ring mail         |    67 |    27 |    12 ||   106
         Chain mail        |       |       |    46 ||    46
         Plate armour      |       |       |    15 ||    15
  Dodge: Dodged            |    82 |    44 |    68 ||   194

Table legend: (Time is in decaauts)
 A = Elapsed time spent in this place.
 B = Non-inter-level travel time spent in this place.
 C = Inter-level travel time spent in this place.
 D = Time resting spent in this place.
 E = Time spent auto-exploring this place.
 F = Levels seen in this place.
 G = Mean time per level.
                   A        B        C        D        E       F      G
               +--------+--------+--------+--------+--------+-----+--------+
         Total |   2133 |   2066 |     67 |      0 |      0 |   7 |  304.7 |
       Dungeon |   2133 |   2066 |     67 |      0 |      0 |   7 |  304.7 |
               +--------+--------+--------+--------+--------+-----+--------+

Top non-repeatable levels by time:
     D:3: 446 daAuts
     D:6: 442 daAuts
     D:1: 360 daAuts
     D:4: 264 daAuts
     D:5: 254 daAuts
     D:2: 206 daAuts
     D:7: 158 daAuts
